 Dungeon Crawl Stone Soup version 0.20.0-15-g7f486f2 (webtiles) character file.

129 Inarius the Charmwright (level 5, -5/39 HPs)
             Began as a Merfolk Skald on July 1, 2017.
             Killed by divine providence
             ... invoked by an orc priest
              (14 damage)
             ... on level 3 of the Dungeon.
             The game lasted 00:07:59 (2536 turns).

Inarius the Charmwright (Merfolk Skald)             Turns: 2536, Time: 00:08:00

Health: -5/39      AC:  3    Str: 11    XL:     5   Next: 12%
Magic:  4/8        EV: 13    Int: 12    God:
Gold:   145        SH:  0    Dex: 15    Spells: 5/8 levels left

rFire    . . .     SeeInvis .   a - +0 short sword
rCold    . . .     Gourm    .   (no shield)
rNeg     . . .     Faith    .   b - +0 leather armour
rPois    +         Spirit   .   (no helmet)
rElec    .         Reflect  .   (no cloak)
rCorr    .         Harm     .   (no gloves)
MR       .....                  (no boots)
Stlth    ++........             (no amulet)
Regen    0.2/turn               g - ring of poison resistance
MPRegen  0.2/turn               (no ring)

@: singing
A: change form in water, swift swim, stealthy swim
a: no special abilities


You were on level 3 of the Dungeon.
You were not hungry.

You visited 1 branch of the dungeon, and saw 3 of its levels.

You collected 145 gold pieces.

Inventory:

Hand Weapons
 a - a +0 short sword (weapon)
Armour
 b - a +0 leather armour (worn)
Jewellery
 g - a ring of poison resistance (left hand)
Scrolls
 c - a scroll of magic mapping {unknown}
 f - 3 scrolls of teleportation {unknown}
 k - 3 scrolls of identify {unknown}
 m - 2 scrolls of recharging {unknown}
 o - a scroll of enchant armour {unknown}
Potions
 e - a potion of heal wounds {unknown}
 j - a potion of curing {unknown}
 n - 2 potions of ambrosia {unknown}
 q - a potion of might
Comestibles
 d - 2 bread rations
 h - 6 chunks of flesh
 i - a royal jelly
 l - 3 fruits
 p - a meat ration


   Skills:
 + Level 2.7 Fighting
 - Level 3.1 Short Blades
 + Level 1.5 Armour
 + Level 3.3 Dodging
 * Level 3.4 Stealth
 - Level 2.0 Spellcasting
 + Level 3.4 Charms


You had 5 spell levels left.
You knew the following spells:

 Your Spells              Type           Power        Failure   Level  Hunger
a - Infusion              Chrm           #...         9%          1    ##.....
b - Song of Slaying       Chrm           #.......     13%         2    ###....


Dungeon Overview and Level Annotations

Branches:
Dungeon (3/15)

Altars:
Elyvilon
Gozag
Kikubaaqudgha
Makhleb
Sif Muna
The Shining One

Annotations:
D:3 StylePro's ghost, amateur NaFi


Message History

The orc priest barely misses you.
Your leather armour prevents you from hitting the orc priest.
The orc priest is heavily wounded.
The orc priest hits you with a flail!
You closely miss the orc priest.
The orc priest is heavily wounded.
The orc priest closely misses you.
You hit the orc priest but do no damage.
The orc priest is heavily wounded.
You barely miss the orc priest.
The orc priest is heavily wounded.
The orc priest misses you.
You hit the orc priest but do no damage.
The orc priest is heavily wounded.
You are no longer magically infusing your attacks.
The orc priest hits you with a flail!
* * * LOW HITPOINT WARNING * * *
The orc priest invokes the aid of Beogh against you.
Beogh smites you!
You die...

#..........#.## #.# #.....
#..........#..#####.# #.....
#..........##<......# #.....
######.############.....#..###
#....## #.###....# ####..# #.#
###.## ##.### #.# #.# #...###
#.# #.# ###.@.# #.# ..# #
###.# .# .## ..## #o####.#.
#....##og...... #.....###.##
###.)..# #......#
.....####....# ....# #...# ###


You could see an orc priest, an orc and a hobgoblin.

Vanquished Creatures
  A hound (D:2)
  An orc wizard (D:3)
  An adder (D:2)
  An ooze (D:3)
  A worm (D:2)
  3 dart slugs (D:1)
  A leopard gecko (D:3)
  5 orcs
  6 bats
  4 giant cockroaches
  5 goblins
  4 hobgoblins (D:2)
  2 jackals (D:2)
  2 kobolds (D:2)
  2 quokkas
  2 frilled lizards (D:1)
  2 rats
43 creatures vanquished.

Notes
Turn   | Place    | Note
-------+----------+-------------------------------------------
     0 | D:1      | Inarius the Merfolk Skald began the quest for the Orb.
     0 | D:1      | Reached XP level 1. HP: 16/16 MP: 3/3
   237 | D:1      | Reached skill level 1 in Stealth
   281 | D:1      | Reached XP level 2. HP: 20/22 MP: 5/5
   815 | D:2      | Reached XP level 3. HP: 26/28 MP: 2/6
  1189 | D:2      | Found a glowing golden altar of the Shining One.
  1189 | D:2      | Found a burning altar of Makhleb.
  1192 | D:2      | Found a deep blue altar of Sif Muna.
  1192 | D:2      | Found an ancient bone altar of Kikubaaqudgha.
  1457 | D:2      | Reached skill level 1 in Armour
  1515 | D:2      | Learned a level 2 spell: Song of Slaying
  1613 | D:2      | Found a white marble altar of Elyvilon.
  1613 | D:2      | Found an opulent altar of Gozag.
  1661 | D:3      | Noticed StylePro's ghost (amateur NaFi)
  1889 | D:2      | Reached XP level 4. HP: 19/34 MP: 2/7
  2332 | D:3      | Reached XP level 5. HP: 16/39 MP: 3/8
  2536 | D:3      | Killed from afar by an orc priest

Skill      XL: |  1  2  3  4 |
---------------+-------------+-----
Stealth        | 1 2 3 |  3.4
Dodging        | 3 |  3.3
Short Blades   | 3 |  3.1
Armour         | 1 |  1.5
Fighting       | |  2.7
Spellcasting   | |  2.0
Charms         | |  3.4

Action                   |  1- 3 |  4- 6 || total
-------------------------+-------+-------++-------
Melee: Short sword       |   115 |    81 ||   196
 Cast: Infusion          |     7 |     6 ||    13
       Song of Slaying   |       |     1 ||     1
 Stab: Sleeping          |     3 |     2 ||     5
  Eat: Chunk             |     3 |     3 ||     6
Armor: Leather armour    |    25 |    10 ||    35
Dodge: Dodged            |    55 |    42 ||    97
